 Dungeon Crawl Stone Soup version 0.19-a0-1007-g133f65f (webtiles) character file.

56094 Implojin the Fighter (level 14, -11/150 HPs)
             Began as a Troll Fighter on July 19, 2016.
             Was a High Priest of Okawaru.
             Mangled by a frost giant
             ... wielding a +4 battleaxe of freezing
              (14 damage)
             ... on level 4 of the Shoals.
             The game lasted 00:40:48 (4435 turns).

Implojin the Fighter (Troll Fighter)                Turns: 4435, Time: 00:40:48

Health: -11/150    AC: 14    Str: 27    XL:     14   Next: 40%
Magic:  0/19       EV: 26    Int:  4    God:    Okawaru [*****.]
Gold:   17         SH: 12    Dex: 22    Spells: 1 memorised, 12 levels left

rFire  . . .     SeeInvis .       - Unarmed
rCold  . . .     Gourm    +     y - +0 troll leather armour
rNeg   . . .     Faith    .     I - +0 shield {AC+3}
rPois  .         Spirit   +     (helmet restricted)
rElec  .         Dismiss  .     U - +1 cloak {MR+}
rCorr  .         Reflect  .     (gloves unavailable)
SustAt .         Harm     .     (boots unavailable)
MR     ++...                    k - amulet "Ami Zuq" {Spirit Dex+6, nice}
Stlth  +++.......               T - +3 ring of evasion
                                K - +3 ring of dexterity

@: about to teleport, heroism, flying, very resistant to hostile enchantments,
fairly stealthy
A: unfitting armour, claws 3, fast metabolism 3, gourmand, regeneration 2,
shaggy fur 1, tough skin 2
a: Heroism, Finesse, Renounce Religion


You were on level 4 of the Shoals.
You worshipped Okawaru.
Okawaru was extremely pleased with you.
You were very full.

You visited 4 branches of the dungeon, and saw 22 of its levels.
You also visited: Sewer and Ice Cave.

You collected 17 gold pieces.

Inventory:

Hand Weapons
 b - a +2 scimitar of slicing
 F - a +0 blowgun
Missiles
 m - 3 throwing nets
 v - 4 tomahawks of returning
 w - 21 javelins
 x - 13 javelins of returning
 B - 26 large rocks (quivered)
 C - 11 tomahawks
Armour
 y - a +0 troll leather armour (worn)
 I - a +0 shield of protection (worn)
 U - a +1 cloak of magic resistance (worn)
Jewellery
 k - the amulet "Ami Zuq" (around neck) {Spirit Dex+6, nice}
   (You found it on level 4 of the Dungeon)

   [amulet of guardian spirit]

   It causes incoming damage to be split between your health and magic.
   It affects your dexterity (+6).
 K - a +3 ring of dexterity (left claw)
 T - a +3 ring of evasion (right claw)
Wands
 o - a wand of polymorph (13/24)
 G - a wand of iceblast (7/15)
 M - a wand of lightning (8/15)
 N - a wand of iceblast (11/15)
 P - a wand of digging (16/24)
 S - a wand of confusion (20/48)
Scrolls
 a - a scroll of enchant weapon
 e - 3 scrolls of teleportation
 f - a scroll of immolation
 E - 2 scrolls of noise
 O - 2 scrolls of recharging
 Q - 6 scrolls of remove curse
Potions
 c - 3 potions of flight
 g - 2 potions of brilliance
 i - 2 potions of curing
 l - 2 potions of heal wounds
 q - a potion of cure mutation {unknown}
 t - 2 potions of berserk rage
 J - 3 potions of lignification
 L - a potion of haste {unknown}
 R - a potion of magic {unknown}
Miscellaneous
 h - a lamp of fire
 n - a phantom mirror
 H - a crystal ball of energy
Comestibles
 d - 9 bread rations
 p - a beef jerky
 s - a slice of pizza
 z - 4 meat rations
 D - a royal jelly


   Skills:
 - Level 12.5(17.5) Fighting
 - Level 2.7(7.7) Throwing
 - Level 5.9(10.9) Armour
 * Level 10.5(15.5) Dodging
 - Level 4.0(9.0) Shields
 - Level 12.2(17.2) Unarmed Combat
 - Level 8.1 Invocations


You had 12 spell levels left.
You knew the following spells:

 Your Spells              Type           Power        Failure   Level  Hunger
a - Summon Butterflies    Summ           #.......     67%         1    ##.....


Dungeon Overview and Level Annotations

Branches:
Dungeon (12/15)            Temple (1/1) D:5            Lair (5/6) D:8
 Shoals (4/4) Lair:3
  Snake: Lair:2-4    Spider: Lair:2-4     Slime: Lair:5-6       Orc: D:9-12

Altars:
Cheibriados
Elyvilon
Hepliaklqana
Kikubaaqudgha
Makhleb
Okawaru
Pakellas
Ru
Sif Muna
Trog
Xom
Zin
The Shining One

Shops:
Shoals:1 *

Annotations:
D:6 exclusion: upstairs
D:11 Thraspic's ghost, journeyman DECj
Lair:4 tedric's ghost, adept TeAE


Innate Abilities, Weirdness & Mutations

You are too large for most types of armour.
You have claws for hands.
Your metabolism is lightning-fast.
You like to eat raw meat.
You heal very quickly.
You are covered in fur. (AC +1)
You have very tough skin. (AC +2)


Message History

The merfolk misses you. The sea snake completely misses you.
You closely miss the merfolk impaler.
The merfolk impaler is severely wounded.
You block the merfolk impaler's attack.
Unknown command.
You closely miss the merfolk impaler.
The merfolk impaler is severely wounded.
The sea snake barely misses you.
You claw the merfolk impaler!
The merfolk impaler is almost dead.
The merfolk impaler misses you. The merfolk misses you.
You mangle the merfolk impaler!!
You kill the merfolk impaler!
Okawaru accepts your kill.
You hear a splash. x2
You claw the frost giant!
The frost giant is lightly wounded.
Your claws slow down.
The sea snake closely misses you.
You don't have enough magic at the moment.
Evoke which item? (* to show all) (? for menu, Esc to quit)
Okay, then.
Unknown command.
Okay, then.
As you read the scroll of teleportation, it crumbles to dust.
You feel strangely unstable. The merfolk barely misses you.
The frost giant hits you with a battleaxe of freezing!
* * * LOW HITPOINT WARNING * * *
The frost giant freezes you.
* * * LOW HITPOINT WARNING * * *
The sea snake bites you.
* * * LOW HITPOINT WARNING * * *
Unknown command.
Unknown command.
You feel much better. The merfolk completely misses you.
You block the sea snake's attack.
The frost giant hits you with a battleaxe of freezing!!!
* * * LOW HITPOINT WARNING * * *
The frost giant freezes you!
You die...

≈ ≈≈ ≈≈≈≈ ≈≈≈ ≈ ≈≈≈≈ ≈#≈
≈# ≈≈≈≈≈≈≈ ≈≈≈≈≈ ≈≈ ≈≈
≈≈≈≈≈≈≈≈ .≈≈≈≈ #C#≈#≈≈
≈≈≈≈≈≈≈≈ .≈≈≈≈. mmm≈≈≈≈
≈≈≈≈≈≈≈. ..≈≈≈≈##§mm#
###≈≈≈..... ..≈≈≈≈mC####
#≈≈≈.....[≈
....≈≈≈S@≈≈####≈.......≈≈
....(≈≈≈≈≈≈≈≈≈≈.........≈
.....≈≈≈≈≈≈≈≈≈.........≈≈
.....≈≈≈≈≈≈≈≈≈.........≈≈
.....≈≈≈≈≈≈≈≈≈......≈≈≈≈≈
.....≈≈≈≈≈≈≈≈≈≈≈###≈###.≈
.....≈≈≈≈≈≈≈≈≈≈≈## ####≈≈
.....≈≈≈≈≈≈≈≈≈###≈# ≈≈###
....≈≈≈≈≈≈≈≈.##≈≈≈≈≈≈≈ #


You could see a frost giant, a sea snake and a merfolk.

Vanquished Creatures
  Ilsuiw (Shoals:4)
  3 merfolk javelineers (Shoals:4)
  7 merfolk impalers
  A hydra (Lair:3)
  3 merfolk avatars
  6 merfolk aquamancers
  2 satyrs
  3 death yaks (Lair:4)
  The ghost of daryashkoh the Archer, a novice CeHu of Okawaru (D:8)
  The ghost of agentgt the Grappler, a novice GrCK of Zin (D:11)
  7 sea snakes
  6 hill giants
  5 harpies (Shoals:4)
  3 griffons
  3 manticores
  9 fauns (Shoals:2)
  3 cyclopes (D:11)
  7 sirens
  7 spiny frogs
  A gargoyle (D:10)
  2 water nymphs (Shoals:4)
  A rime drake (Lair:3)
  2 komodo dragons
  16 merfolk
  A troll (D:10)
  3 polar bears
  A wind drake (Shoals:3)
  4 blink frogs (Lair:1)
  3 snapping turtles (Shoals:4)
  8 water elementals
  A shadow (D:10)
  8 yaks
  3 wyverns
  7 hippogriffs
  A hungry ghost (D:9)
  A soldier ant (D:10)
  5 water moccasins
  3 porcupines
  9 ice beasts
  4 orc warriors
  2 sky beasts
  6 necrophages (Lair:2)
  4 ogres
  3 wolves (IceCv)
  4 centaurs
  2 crocodiles
  A big kobold (D:11)
  10 giant frogs
  6 killer bees (D:11)
  An electric eel (Lair:5)
  4 howler monkeys
  2 crimson imps
  A quasit (D:10)
  A jelly (D:10)
  5 hounds
  A giant frog skeleton (D:4)
  2 iguanas
  An orc priest (D:6)
  3 worker ants (D:9)
  4 sheep (D:11)
  A gnoll (D:3)
  A river rat (D:6)
  An adder (D:11)
  A shadow imp (D:11)
  An adder skeleton (D:10)
  3 giant geckos
  14 orcs
  A giant cockroach (D:2)
  A goblin (D:2)
  A hobgoblin (D:2)
  2 jackals (Sewer)
  A jackal zombie (D:5)
  9 kobolds
  6 rats
  A plant (Shoals:4)
269 creatures vanquished.

Vanquished Creatures (others)
  A warg (D:8)
1 creature vanquished.

Grand Total: 270 creatures vanquished

Notes
Turn   | Place    | Note
-------+----------+-------------------------------------------
     0 | D:1      | Implojin the Troll Fighter began the quest for the Orb.
     0 | D:1      | Reached XP level 1. HP: 22/22 MP: 0/0
   191 | D:2      | Reached XP level 2. HP: 29/29 MP: 1/1
   196 | D:3      | Reached skill level 3 in Unarmed Combat
   264 | D:4      | Got a translucent sapphire amulet
   281 | D:4      | Reached skill level 4 in Unarmed Combat
   281 | D:4      | Reached XP level 3. HP: 31/36 MP: 2/2
   296 | D:4      | Identified the amulet "Ami Zuq" {Spirit Dex+6} (You found it on level 4 of the Dungeon)
   298 | D:5      | Entered Level 5 of the Dungeon
   311 | D:5      | Found a staircase to the Ecumenical Temple.
   319 | Temple   | Entered the Ecumenical Temple
   392 | Temple   | Became a worshipper of Warmaster Okawaru
   430 | D:6      | Noticed an orc warrior
   437 | D:6      | Reached XP level 4. HP: 26/44 MP: 1/3
   444 | D:6      | Reached skill level 5 in Unarmed Combat
   447 | D:6      | Killed an orc warrior
   447 | D:6      | Reached * piety under Okawaru
   447 | D:6      | Reached XP level 5. HP: 25/50 MP: 2/4
   453 | D:6      | Reached skill level 6 in Unarmed Combat
   480 | D:6      | Found a glowing drain.
   489 | Sewer    | Entered a sewer
   545 | Sewer    | Noticed a crocodile
   556 | Sewer    | Killed a crocodile
   556 | Sewer    | Reached XP level 6. HP: 41/59 MP: 1/5
   668 | D:7      | Reached skill level 7 in Unarmed Combat
   845 | D:8      | Noticed daryashkoh's ghost (novice CeHu)
   857 | D:8      | Killed daryashkoh's ghost
   857 | D:8      | Reached ** piety under Okawaru
   857 | D:8      | Reached skill level 9 in Unarmed Combat
   857 | D:8      | Reached XP level 7. HP: 34/66 MP: 1/6
   857 | D:8      | Reached XP level 8. HP: 38/74 MP: 1/7
   877 | D:9      | Reached *** piety under Okawaru
   930 | D:8      | Found an oddly glowing altar of Pakellas.
   963 | D:9      | Found a hazy altar of Hepliaklqana.
   979 | D:9      | Reached skill level 10 in Unarmed Combat
   996 | D:10     | Entered Level 10 of the Dungeon
  1049 | D:10     | Noticed a troll
  1056 | D:10     | Killed a troll
  1088 | D:10     | Noticed a komodo dragon
  1094 | D:10     | Killed a komodo dragon
  1094 | D:10     | Reached skill level 11 in Unarmed Combat
  1114 | D:10     | Reached **** piety under Okawaru
  1124 | D:10     | Noticed a hill giant
  1132 | D:10     | Killed a hill giant
  1132 | D:10     | Reached skill level 12 in Unarmed Combat
  1132 | D:10     | Reached XP level 9. HP: 80/80 MP: 4/8
  1255 | D:10     | Reached skill level 3 in Fighting
  1357 | D:10     | Reached skill level 4 in Fighting
  1370 | D:11     | Noticed a cyclops
  1383 | D:11     | Killed a cyclops
  1383 | D:11     | Reached ***** piety under Okawaru
  1383 | D:11     | Reached skill level 5 in Fighting
  1437 | D:11     | Reached skill level 6 in Fighting
  1470 | D:11     | Noticed a hill giant
  1506 | D:11     | Reached skill level 1 in Invocations
  1506 | D:11     | Reached XP level 10. HP: 56/100 MP: 2/10
  1516 | D:11     | Reached skill level 2 in Invocations
  1519 | D:11     | Killed a hill giant
  1519 | D:11     | Reached skill level 3 in Invocations
  1538 | D:11     | Reached skill level 7 in Fighting
  1608 | D:11     | Noticed a cyclops
  1608 | D:11     | Noticed agentgt's ghost (novice GrCK)
  1630 | D:11     | Killed a cyclops
  1630 | D:11     | Received a gift from Okawaru
  1630 | D:11     | Reached skill level 8 in Fighting
  1652 | D:11     | Noticed a cyclops
  1657 | D:11     | Killed a cyclops
  1667 | D:11     | Noticed Thraspic's ghost (journeyman DECj)
  1686 | D:11     | Killed agentgt's ghost
  1686 | D:11     | Reached skill level 9 in Fighting
  1707 | D:12     | Found a frozen archway.
  1726 | D:12     | Noticed a hill giant
  1738 | D:12     | Killed a hill giant
  1738 | D:12     | Reached XP level 11. HP: 102/117 MP: 8/12
  1768 | IceCv    | Entered an ice cave
  1776 | IceCv    | Reached skill level 10 in Fighting
  1786 | IceCv    | Noticed Zellion's ghost (journeyman HESk)
  1813 | D:12     | Noticed a hill giant
  1826 | D:12     | Killed a hill giant
  1938 | D:10     | Noticed a hill giant
  1942 | D:10     | Killed a hill giant
  1950 | D:10     | Noticed a hill giant
  1955 | D:10     | Killed a hill giant
  1955 | D:10     | Received a gift from Okawaru
  1956 | D:10     | Reached skill level 11 in Fighting
  2364 | D:8      | Found a staircase to the Lair.
  2393 | Lair:1   | Entered Level 1 of the Lair of Beasts
  2412 | Lair:1   | Found a white marble altar of Elyvilon.
  2479 | Lair:1   | Reached skill level 12 in Fighting
  2634 | Lair:2   | Reached XP level 12. HP: 130/133 MP: 13/13
  2834 | Lair:4   | Received a gift from Okawaru
  2835 | Lair:4   | Reached skill level 3 in Shields
  2870 | Lair:4   | Reached skill level 4 in Shields
  2948 | Lair:4   | Found a white marble altar of Elyvilon.
  2991 | Lair:4   | Noticed a death yak
  2992 | Lair:4   | Noticed tedric's ghost (adept TeAE)
  2995 | Lair:4   | Noticed a death yak
  2996 | Lair:4   | Noticed a death yak
  2998 | Lair:4   | Noticed a death yak
  3001 | Lair:4   | Killed a death yak
  3001 | Lair:4   | Received a gift from Okawaru
  3001 | Lair:4   | Reached skill level 3 in Dodging
  3007 | Lair:4   | Killed a death yak
  3016 | Lair:4   | Killed a death yak
  3016 | Lair:4   | Reached skill level 4 in Dodging
  3080 | Lair:2   | Reached skill level 1 in Throwing
  3173 | Lair:3   | Noticed a six-headed hydra
  3174 | Lair:3   | Found a staircase to the Shoals.
  3182 | Lair:3   | Killed a six-headed hydra
  3182 | Lair:3   | Reached skill level 2 in Throwing
  3191 | Shoals:1 | Entered Level 1 of the Shoals
  3201 | Shoals:1 | Reached skill level 5 in Dodging
  3258 | Shoals:1 | Found Buxaqu's General Store.
  3270 | Shoals:1 | Noticed a merfolk avatar
  3289 | Shoals:1 | Killed a merfolk avatar
  3289 | Shoals:1 | Reached skill level 6 in Dodging
  3366 | Shoals:1 | Noticed a merfolk aquamancer
  3379 | Shoals:1 | Reached skill level 7 in Dodging
  3410 | Shoals:1 | Noticed a merfolk impaler
  3424 | Shoals:1 | Killed a merfolk impaler
  3424 | Shoals:1 | Received a gift from Okawaru
  3514 | Shoals:2 | Reached skill level 8 in Dodging
  3543 | Shoals:2 | Noticed a merfolk aquamancer
  3545 | Shoals:2 | Reached XP level 13. HP: 113/141 MP: 5/14
  3684 | Shoals:2 | Reached skill level 9 in Dodging
  3694 | Shoals:2 | Reached skill level 4 in Invocations
  3755 | Shoals:2 | Reached skill level 5 in Invocations
  3819 | Shoals:3 | Noticed a merfolk impaler
  3831 | Shoals:3 | Reached skill level 6 in Invocations
  3851 | Shoals:3 | Killed a merfolk impaler
  3856 | Shoals:3 | Received a gift from Okawaru
  3886 | Shoals:3 | Reached skill level 7 in Invocations
  3973 | Shoals:4 | Entered Level 4 of the Shoals
  3993 | Shoals:4 | Noticed Ilsuiw
  3993 | Shoals:4 | Noticed a merfolk javelineer
  3993 | Shoals:4 | Noticed a merfolk impaler
  4026 | Shoals:4 | Killed a merfolk impaler
  4029 | Shoals:4 | Reached skill level 8 in Invocations
  4031 | Shoals:4 | Reached skill level 1 in Armour
  4034 | Shoals:4 | Noticed a merfolk javelineer
  4040 | Shoals:4 | Killed a merfolk javelineer
  4040 | Shoals:4 | Reached skill level 2 in Armour
  4049 | Shoals:4 | Killed a merfolk javelineer
  4051 | Shoals:4 | Killed Ilsuiw
  4051 | Shoals:4 | Reached skill level 3 in Armour
  4132 | Shoals:4 | Reached skill level 4 in Armour
  4171 | Shoals:4 | Learned a level 1 spell: Summon Butterflies
  4249 | Shoals:4 | Reached skill level 5 in Armour
  4252 | Shoals:4 | Reached XP level 14. HP: 61/150 MP: 4/19
  4303 | Shoals:4 | Received a gift from Okawaru
  4354 | Shoals:4 | Noticed a frost giant
  4390 | Shoals:4 | Reached skill level 10 in Dodging
  4435 | Shoals:4 | HP: 3/150 [frost giant/battleaxe of freezing (34)]
  4435 | Shoals:4 | Mangled by a frost giant

Vault maps used:
D:1:      dpeg_arrival_round_c
D:2:      nicolae_overflow_hidden_temple, uniq_natasha, uniq_terence
D:3:      kennysheep_ying_yang, grunt_decor_resistance
D:4:      kennysheep_kobold_camp, lemuel_doored_altar
D:5:      fiery_altar_vehumet, old_standard_altar, serial_shops, shop,
          first_bread, uniq_crazy_yiuf_cottage
D:6:      kennysheep_housing_project, kennysheep_mini_moat, portal_sewer_entry_a
D:7:      nicolae_qazlal_style_of_elements, grunt_ogre_cave, uniq_duvessa,
          uniq_prince_ribbit1
D:8:      dancing_weapons_uskayaw, ashenzari_conservatory_becter, lair_0_dummy,
          grunt_ministairs_1, gammafunk_pakellas_its_alive, uniq_erica
D:9:      overflow_temple_1_default
D:10:     orc_0_dummy
D:12:     portal_ice_cave_entry_ice_beasts, serial_shops, shop_fountains,
          uniq_fannar, uniq_harold
Temple:   jpeg_temple_clearing
Lair:1:   basic_altar, nicolae_quartered_pool_little,
          cheibrodos_lair_caveside_slide
Lair:2:   roderic_carrion_pond
Lair:3:   shoals_dummy_entry, grunt_forest_stairs_basic
Lair:4:   enter_volcano_3, basic_altar, grunt_forest_large_clearings,
          grunt_megastairs_1, lemuel_fruit_tree, infiniplex_staircase_pool
Lair:5:   kb_forest_paths, minmay_slime_entry_oklob_enclosed, minivault_23
Shoals:1: serial_shops, nicolae_shop_trees, st_cyclops
Shoals:2: cheibrodos_shoals_oceanic_diplomacy, uniq_nikola
Shoals:4: shoals_end_grunt_ice, shoals_ilsuiw_ice, uniq_polyphemus
Sewer:    sewer_the_crocodile
IceCv:    ice_cave_small_giant

Skill      XL: |  1  2  3  4  5  6  7  8  9 10 11 12 13 14 |
---------------+-------------------------------------------+-----
Unarmed Combat | 4 5 6 9 12 | 12.2
Fighting       | 6 9 12 | 12.5
Invocations    | 1 3 8 |  8.1
Shields        | 4 |  4.0
Dodging        | 8 9 10 | 10.5
Throwing       | 2 |  2.7
Armour         | 5 |  5.9

Action                   |  1- 3 |  4- 6 |  7- 9 | 10-12 | 13-15 || total
-------------------------+-------+-------+-------+-------+-------++-------
Melee: Unarmed           |    37 |    77 |    89 |   417 |   295 ||   915
Throw: Tomahawk          |       |       |       |     4 |       ||     4
       Large rock        |       |       |       |     4 |     8 ||    12
       Javelin           |       |       |       |       |     4 ||     4
Invok: Heroism           |       |     5 |    12 |    37 |    16 ||    70
       Finesse           |       |       |       |     2 |     7 ||     9
Evoke: Wand              |       |       |       |       |     2 ||     2
  Use: Potion            |     1 |       |       |     1 |     7 ||     9
       Scroll            |       |       |     9 |    14 |     2 ||    25
 Stab: Sleeping          |       |       |       |     5 |     1 ||     6
       Distracted        |       |       |       |     1 |       ||     1
  Eat: Chunk             |     4 |     9 |     3 |    22 |     7 ||    45
Armor: Robe              |    21 |     8 |     2 |       |       ||    31
       Troll hide        |       |       |    11 |    45 |       ||    56
       Troll leather arm |       |       |       |    36 |    24 ||    60
Dodge: Dodged            |    19 |    14 |    28 |   139 |   202 ||   402
Block: Shield            |    24 |    26 |    53 |   172 |   148 ||   423

Table legend:
 A = Turns spent in this place as a percentage of turns spent in the entire game.
 B = Non-inter-level travel turns spent in this place as a percentage of non-inter-level travel turns spent in the entire game.
 C = Inter-level travel turns spent in this place as a percentage of turns spent in this place.
 D = Turns resting spent in this place as a percentage of non-inter-level travel turns spent in this place.
 E = Turns spent auto-exploring this place as a percentage of non-inter-level travel turns spent in this place.
 F = Non-inter-level travel turns spent in this place divided by the number of levels of this place that you've seen.
                   A       B       C       D       E      F
               +-------+-------+-------+-------+-------+----------------------
         Total | 100.0 | 100.0 |   0.0 |   0.1 |   0.0 | 189.7
       Dungeon |  46.9 |  46.9 |   0.0 |   0.0 |   0.0 | 178.1
        Temple |   2.1 |   2.1 |   0.0 |   0.0 |   0.0 |  94.0
          Lair |  17.6 |  17.6 |   0.0 |   0.0 |   0.0 | 159.8
        Shoals |  30.0 |  30.0 |   0.0 |   0.3 |   0.0 | 341.8
         Sewer |   2.3 |   2.3 |   0.0 |   0.0 |   0.0 | 106.0
      Ice Cave |   1.1 |   1.1 |   0.0 |   0.0 |   0.0 |  49.0
               +-------+-------+-------+-------+-------+----------------------

Table legend:
 A = Kills in this place as a percentage of kills in entire the game.
 B = Kills by you in this place as a percentage of kills by you in the entire game.
 C = Kills by friends in this place as a percentage of kills by friends in the entire game.
 D = Other kills in this place as a percentage of other kills in the entire game.
 E = Experience gained in this place as a percentage of experience gained in the entire game.
 F = Experience gained in this place divided by the number of levels of this place that you have seen.
                   A       B       C       D       E      F
               +-------+-------+-------+-------+-------+----------------------
         Total | 100.0 | 100.0 |  -nan |  -nan | 100.0 | 3339.0
       Dungeon |  47.4 |  47.4 |  -nan |  -nan |  20.4 | 1363.9
          Lair |  14.9 |  14.9 |  -nan |  -nan |  14.5 | 2316.2
        Shoals |  33.2 |  33.2 |  -nan |  -nan |  63.6 | 12735.8
         Sewer |   2.2 |   2.2 |  -nan |  -nan |   0.1 | 114.0
      Ice Cave |   2.2 |   2.2 |  -nan |  -nan |   1.4 | 1130.0
               +-------+-------+-------+-------+-------+----------------------
